 Dungeon Sprint DCSS version 0.19.1-1-g22dce08 (webtiles) character file.

93 pib the Insei (level 4, 0/35 HPs)
             Began as a Merfolk Transmuter on Jan 6, 2017.
             Slain by a deep elf mage
             ... wielding a +2 long sword of holy wrath
              (4 damage)
             ... in the Dungeon (Sprint III: "The Ten Rune Challenge").
             The game lasted 00:03:10 (951 turns).

pib the Insei (Merfolk Transmuter)                   Turns: 951, Time: 00:03:11

Health: 0/35       AC:  3    Str: 10    XL:     4   Next: 61%
Magic:  8/9        EV: 12    Int: 13    God:
Gold:   0          SH:  0    Dex: 14    Spells: 3 memorised, 4 levels left

rFire  . . .     SeeInvis .       - Unarmed
rCold  . . .     Gourm    .     l - +0 leather armour
rNeg   . . .     Faith    .     (no shield)
rPois  .         Spirit   .     (no helmet)
rElec  .         Reflect  .     (no cloak)
rCorr  .         Harm     .     (no gloves)
MR     .....     NoTele   +     (no boots)
Stlth  +.........               (no amulet)
                                (no ring)
                                (no ring)

@: appendage
A: change form in water, swift swim, stealthy swim, horns 2
a: End Transformation


You were in the Dungeon.
You were not hungry.
You had grown temporary horns.
You visited 1 branch

Inventory:

Missiles
 a - 8 arrows
Armour
 b - a +0 robe
 l - a +0 leather armour (worn)
Scrolls
 j - a scroll of blinking
Potions
 e - a potion of curing
 f - a potion of heal wounds
 g - a potion of haste
 h - 2 potions of magic
 i - a potion of berserk rage
 k - a potion of mutation {unknown}
Books
 c - a book of Changes

   Spells                             Type                      Level
   a - Beastly Appendage              Transmutation                1
   b - Sticks to Snakes               Transmutation                2
   c - Spider Form                    Transmutation/Poison         3
   d - Ice Form                       Ice/Transmutation            4
   e - Blade Hands                    Transmutation                5
Comestibles
 d - a bread ration


   Skills:
 + Level 3.2 Fighting
 + Level 2.6 Dodging
 + Level 6.7 Unarmed Combat
 - Level 3.5 Spellcasting
 - Level 6.2 Transmutations
 - Level 2.6 Poison Magic


You had 4 spell levels left.
You knew the following spells:

 Your Spells              Type           Power        Failure   Level  Hunger
a - Beastly Appendage     Tmut           ###...       2%          1    #......
b - Sticks to Snakes      Tmut           ###.....     3%          2    ##.....
c - Spider Form           Tmut/Pois      ##........   17%         3    ###....


Dungeon Overview and Level Annotations

Branches:
Dungeon (1/1)

Altars:
Elyvilon
Zin
The Shining One


Innate Abilities, Weirdness & Mutations

You revert to your normal form in water.
You are very nimble and swift while swimming.
You are very stealthy in the water. (Stealth+)
You have a pair of horns on your head.


Message History

The deep elf mage conjures a globe of magical energy!
A battlesphere comes into view.
You hit the deep elf mage. Your headbutt misses the deep elf mage.
The deep elf mage is lightly wounded.
The deep elf mage gestures at you while chanting.
The magic dart hits you!
The battlesphere fires!
The barrage of energy hits you!
You hit the deep elf mage. Your headbutt misses the deep elf mage.
The deep elf mage is moderately wounded.
The deep elf mage hits you with a long sword of holy wrath!
* * * LOW HITPOINT WARNING * * *
You punch the deep elf mage!
The deep elf mage is heavily wounded.
You hit the deep elf mage.
The deep elf mage is heavily wounded.
The deep elf mage hits you but does no damage.
You punch the deep elf mage!
The deep elf mage is almost dead.
The deep elf mage hits you with a long sword of holy wrath.
You die...

▓▓▓▓ ▓▓▓ ...####
##.##### ......##
#..#___# .......#
#..#!e.# #.##...#
#..###@#+###+ #.###..#
+#..#.*........ ##.##..#
#...'.⌠........
..##..####...#...######+
..##..###....#.⌠.#
.##...##.....#...#
##....#..)...#+###
##..##.#.....#
#..#####....#


You could see a deep elf mage and a battlesphere.

Vanquished Creatures
  A water elemental (D)
  Crazy Yiuf (D)
  A human (D)
  2 oozes (D)
  2 rats (D)
7 creatures vanquished.

Vanquished Creatures (others)
  2 draconian scorchers (D)
  6 hellions (D)
  A yaktaur (D)
  A plant (D)
10 creatures vanquished.

Grand Total: 17 creatures vanquished

Notes
Turn   | Place    | Note
-------+----------+-------------------------------------------
     0 | D        | pib the Merfolk Transmuter began the quest for the Orb.
     0 | D        | Reached XP level 1. HP: 15/15 MP: 3/3
   101 | D        | Killed a yaktaur
   114 | D        | Killed a hellion
   135 | D        | Killed a white draconian scorcher
   151 | D        | Killed a hellion
   153 | D        | Killed a hellion
   153 | D        | Killed a hellion
   154 | D        | Killed a hellion
   155 | D        | Killed a hellion
   163 | D        | Reached XP level 2. HP: 15/24 MP: 5/5
   194 | D        | Killed a white draconian scorcher
   308 | D        | Noticed Crazy Yiuf
   325 | D        | Reached skill level 5 in Unarmed Combat
   325 | D        | Reached XP level 3. HP: 16/29 MP: 5/7
   345 | D        | Learned a level 2 spell: Sticks to Snakes
   483 | D        | Killed Crazy Yiuf
   483 | D        | Reached skill level 5 in Transmutations
   712 | D        | Learned a level 3 spell: Spider Form
   718 | D        | Noticed a water elemental
   728 | D        | Killed a water elemental
   728 | D        | Reached XP level 4. HP: 11/35 MP: 4/9
   943 | D        | Found a glowing silver altar of Zin.
   944 | D        | Found a glowing golden altar of the Shining One.
   944 | D        | Found a white marble altar of Elyvilon.
   944 | D        | Noticed a deep elf mage
   951 | D        | Slain by a deep elf mage

Skill      XL: |  1  2  3 |
---------------+----------+-----
Fighting       | 3 |  3.2
Unarmed Combat | 4 5 6 |  6.7
Transmutations | 4 6 |  6.2
Spellcasting   | 3 |  3.5
Poison Magic   | 2 |  2.6
Dodging        | |  2.6

Action                   |  1- 3 |  4- 6 || total
-------------------------+-------+-------++-------
Melee: Unarmed           |    29 |     6 ||    35
       Headbutt          |     5 |       ||     5
       Punch             |     2 |       ||     2
 Cast: Beastly Appendage |     3 |     1 ||     4
       Sticks to Snakes  |     4 |       ||     4
 Stab: Sleeping          |     1 |       ||     1
Armor: Robe              |     1 |       ||     1
       Leather armour    |     1 |     1 ||     2
Dodge: Dodged            |    14 |       ||    14
